 Dungeon Crawl Stone Soup version 0.17.2-1-ge4368a0 (webtiles) character file.

136 Goblin1989 the Chopper (level 5, -1/42 HPs)
             Began as a Hill Orc Gladiator on Oct 23, 2016.
             Slain by Goblin1989's ghost (9 damage)
             ... on level 3 of the Dungeon.
             The game lasted 00:06:12 (2007 turns).

Goblin1989 the Chopper (Hill Orc Gladiator)         Turns: 2007, Time: 00:06:12

Health: -1/42      AC:  6    Str: 19    XL:     5   Next: 19%
Magic:  5/5        EV: 17    Int:  8    God:
Gold:   57         SH:  0    Dex: 16    Spells: 0 memorised, 4 levels left

rFire  . . .     SeeInvis .     a - +0 war axe
rCold  . . .     Clarity  .     g - +0 ring mail
rNeg   . . .     SustAt   .     (no shield)
rPois  .         Gourm    .     c - +0 helmet
rElec  .         Spirit   .     (no cloak)
rCorr  .         Warding  .     (no gloves)
rMut   .         Rnd*Tele +     (no boots)
MR     .....                    l - amulet of rage
Stlth  ++........               (no ring)
                                t - ring of teleportation (curse)

@: agile, flying, very slightly contaminated, hasted, very quick, not resistant
to hostile enchantments, unstealthy
A: no striking features
a: Evoke Berserk Rage, Evoke Teleportation


You were on level 3 of the Dungeon.
You were not hungry.

You visited 1 branch of the dungeon, and saw 3 of its levels.

You collected 57 gold pieces.

Inventory:

Hand Weapons
 a - a +0 war axe (weapon)
Missiles
 Z - 3 throwing nets {=f, !d}
Armour
 c - a +0 helmet (worn)
 g - a +0 ring mail (worn)
 s - a +0 cloak
Jewellery
 l - an amulet of rage (around neck)
 t - a cursed ring of teleportation (left hand)
Potions
 b - a potion of resistance {unknown}
 m - a potion of cancellation {unknown}
 p - a potion of poison {unknown}
Comestibles
 d - 3 fruits
 e - 2 bread rations {@e1}
 f - a chunk of flesh {@w0}
 o - a meat ration {@e2}
 q - a beef jerky


   Skills:
 - Level 2.4 Fighting
 + Level 7.5 Axes
 - Level 1.7 Throwing
 - Level 2.4 Dodging


You had 4 spell levels left.
You didn't know any spells.

Dungeon Overview and Level Annotations

Branches:
Dungeon (3/15)

Altars:

Annotations:
D:3 Goblin1989's ghost, amateur OgGl


Message History

Goblin1989's ghost is moderately damaged.
You hit Goblin1989's ghost.
Goblin1989's ghost is heavily damaged.
Goblin1989's ghost hits you.
* * * LOW HITPOINT WARNING * * *
You take 5 damage, and have 11/42 hp.
You slash Goblin1989's ghost!
Goblin1989's ghost is severely damaged.
Goblin1989's ghost hits you.
* * * LOW HITPOINT WARNING * * *
You take 3 damage, and have 8/42 hp.
You hit Goblin1989's ghost but do no damage.
Goblin1989's ghost is severely damaged.
You closely miss Goblin1989's ghost.
Goblin1989's ghost is severely damaged.
Goblin1989's ghost barely misses you.
You closely miss Goblin1989's ghost.
Goblin1989's ghost is severely damaged.
Goblin1989's ghost hits you!
You die...

...█ ███ █$.█
... █..█
.██.███..
.........
..8.....███.█
.8.8..W.....█
█@█ ..8 █.█
... █.█ ...
█.█ █.█ █.█
█.█ █.█
█.██████.█
█.██.....█
█████.█...████


You could see Goblin1989's ghost.

Vanquished Creatures
  Natasha (D:3)
  5 adders (D:2)
  2 oozes
  2 worms (D:2)
  2 giant geckos
  3 bats (D:1)
  4 giant cockroaches
  9 hobgoblins
  6 jackals
  A quokka (D:2)
  4 giant newts
  6 goblins
  3 kobolds (D:2)
  8 rats
56 creatures vanquished.

Notes
Turn   | Place    | Note
--------------------------------------------------------------
     0 | D:1      | Goblin1989 the Hill Orc Gladiator began the quest for the Orb.
     0 | D:1      | Reached XP level 1. HP: 18/18 MP: 1/1
   154 | D:1      | Reached XP level 2. HP: 25/25 MP: 2/2
   219 | D:1      | Reached skill level 5 in Axes
   694 | D:2      | Reached XP level 3. HP: 30/30 MP: 3/3
   968 | D:2      | Reached skill level 6 in Axes
  1173 | D:2      | Reached XP level 4. HP: 35/37 MP: 4/4
  1537 | D:2      | Reached skill level 7 in Axes
  1936 | D:3      | Noticed Natasha
  1948 | D:3      | Killed Natasha
  1948 | D:3      | Reached XP level 5. HP: 30/42 MP: 5/5
  1986 | D:3      | Noticed Goblin1989's ghost (amateur OgGl)
  2007 | D:3      | Slain by Goblin1989's ghost

Action                   |  1- 3 |  4- 6 || total
-------------------------+-------+-------++-------
Melee: War axe           |    99 |    89 ||   188
  Use: Scroll            |       |     4 ||     4
       Potion            |       |     4 ||     4
  Eat: Chunk             |     1 |     3 ||     4

Vault maps used:
D:1:      dpeg_arrival_arbitrary_b
D:2:      serial_curves, eino_curves_03, eino_curves_03, first_bread
D:3:      lemuel_coloured_pillars_altar, ecumenical_altar_2,
          kennysheep_generic_room_15, uniq_natasha
